SA
DELAWARE 1787 BC @ WALLA WALLA WALLEYE
06/05/2029
 
TOP OF THE 1ST
Delaware 1787 BC batting - Pitching for Walla Walla Walleye : LHP Ids Knegt
Pitching: LHP Ids Knegt
Batting: LHB Ramón Garmendia 0-0: Ball
1-0: Foul Ball, location: 2F
1-1: Foul Ball, location: 2F
1-2: Foul Ball, location: 2F
1-2: Hit by Pitch
Batting: RHB Jesús Guzmán 0-0: Foul Ball, location: 2F
0-1: Foul Ball, location: 2F
0-2: Ball
1-2: Ball
2-2: Strikes out looking
Batting: RHB Mikko Haataja 0-0: Ball
1-0: Ball
2-0: Called Strike
2-1: Fielders Choice at 2nd, 5-4 (Groundball, 5)
Batting: LHB Kelvin Abbott 0-0: Called Strike
0-1: Ball
1-1: Called Strike
1-2: Ball
Mikko Haataja is caught stealing 2nd base
Top of the 1st over - 0 runs, 0 hits, 0 errors, 0 left on base; Delaware 0 - Walla Walla 0
BOTTOM OF THE 1ST
Walla Walla Walleye batting - Pitching for Delaware 1787 BC : LHP Will Hoffman
Pitching: LHP Will Hoffman
Batting: RHB Olubowale Akintimehin 0-0: Swinging Strike
0-1: Swinging Strike
0-2: Ball
1-2: Foul Ball, location: 2F
1-2: Foul Ball, location: 2F
1-2: Foul Ball, location: 2F
1-2: Ball
2-2: Strikes out swinging
Batting: RHB Cody Jaeckel 0-0: Ball
1-0: Foul Ball, location: 2F
1-1: Ground out 6-3 (Groundball, 6M)
Batting: RHB Ramón Yniguez 0-0: Called Strike
0-1: Foul Ball, location: 2F
0-2: Ball
1-2: Ball
2-2: Strikes out swinging
Bottom of the 1st over - 0 runs, 0 hits, 0 errors, 0 left on base; Delaware 0 - Walla Walla 0
TOP OF THE 2ND
Delaware 1787 BC batting - Pitching for Walla Walla Walleye : LHP Ids Knegt
Batting: LHB Kelvin Abbott 0-0: Foul Ball, location: 2F
0-1: SINGLE (Groundball, 6MS) (infield hit)
Batting: RHB Jeff Quesenberry 0-0: Called Strike
0-1: Ball
1-1: Ball
2-1: Fly out, F9 (Flyball, 89M)
Batting: SHB Curt Pack 0-0: Ball
1-0: Ball
2-0: Ball
3-0: Called Strike
3-1: Foul Ball, location: 2F
3-2: Ground out 5-3 (Groundball, 5)
Kelvin Abbott to second
Batting: RHB Tomás Cameros 0-0: Fly out, F3 (Popup, 34)
Top of the 2nd over - 0 runs, 1 hit, 0 errors, 1 left on base; Delaware 0 - Walla Walla 0
BOTTOM OF THE 2ND
Walla Walla Walleye batting - Pitching for Delaware 1787 BC : LHP Will Hoffman
Batting: RHB Luis Delvalle 0-0: Fly out, F9 (Flyball, 9LMF)
Batting: RHB Tabor Muzquiz 0-0: Ground out 4-3 (Groundball, 4)
Batting: RHB José de la Cavallería 0-0: Ball
1-0: Fly out, F7 (Flyball, 7D)
Bottom of the 2nd over - 0 runs, 0 hits, 0 errors, 0 left on base; Delaware 0 - Walla Walla 0
TOP OF THE 3RD
Delaware 1787 BC batting - Pitching for Walla Walla Walleye : LHP Ids Knegt
Batting: LHB Bryce Abood 0-0: Ball
1-0: Foul Ball, location: 2F
1-1: Foul Ball, location: 2F
1-2: Fly out, F7 (Flyball, 7LSF)
Batting: RHB Félix Ellard 0-0: Foul Ball, location: 2F
0-1: Ground out 2-3 (Groundball, 15S)
Batting: LHB Ramón Garmendia 0-0: TRIPLE (Flyball, 89XD)
Batting: RHB Jesús Guzmán 0-0: Ball
1-0: Foul Ball, location: 2F
1-1: Ball
2-1: Ball
3-1: Base on Balls
Batting: RHB Mikko Haataja 0-0: Fly out, F7 (Flyball, 7LS)
Top of the 3rd over - 0 runs, 1 hit, 0 errors, 2 left on base; Delaware 0 - Walla Walla 0
BOTTOM OF THE 3RD
Walla Walla Walleye batting - Pitching for Delaware 1787 BC : LHP Will Hoffman
Batting: LHB Johan Kroening 0-0: Called Strike
0-1: Ball
1-1: Fly out, F7 (Flyball, 78D)
Batting: RHB Corey Hines 0-0: Fly out, F9 (Flyball, 9LS)
Batting: LHB Mo Eayrs 0-0: Called Strike
0-1: Ball
1-1: Foul Ball, location: 2F
1-2: Foul Ball, location: 2F
1-2: Strikes out swinging
Bottom of the 3rd over - 0 runs, 0 hits, 0 errors, 0 left on base; Delaware 0 - Walla Walla 0
TOP OF THE 4TH
Delaware 1787 BC batting - Pitching for Walla Walla Walleye : LHP Ids Knegt
Batting: LHB Kelvin Abbott 0-0: Foul Ball, location: 2F
0-1: Ground out U3 (Groundball, 3)
Batting: RHB Jeff Quesenberry 0-0: Ball
1-0: Ball
2-0: Called Strike
2-1: Ball
3-1: DOUBLE (Flyball, 8RD)
Batting: SHB Curt Pack 0-0: Foul Ball, location: 2F
0-1: Ball
1-1: Foul Ball, location: 2F
1-2: Ball
2-2: Strikes out looking
Batting: RHB Tomás Cameros 0-0: Ball
1-0: Called Strike
1-1: Ball
2-1: Ball
3-1: Called Strike
3-2: SINGLE (Groundball, 5S) (infield hit)
Jeff Quesenberry to third
Batting: LHB Bryce Abood 0-0: Foul Ball, location: 2F
0-1: Ball
1-1: Ground out 4-3 (Groundball, 4)
Top of the 4th over - 0 runs, 2 hits, 0 errors, 2 left on base; Delaware 0 - Walla Walla 0
BOTTOM OF THE 4TH
Walla Walla Walleye batting - Pitching for Delaware 1787 BC : LHP Will Hoffman
Batting: RHB Olubowale Akintimehin 0-0: Foul Ball, location: 2F
0-1: Swinging Strike
0-2: Foul Ball, location: 2F
0-2: Foul Ball, location: 2F
0-2: Ball
1-2: Fly out, F8 (Flyball, 89M)
Batting: RHB Cody Jaeckel 0-0: Ball
1-0: Ball
2-0: Foul Ball, location: 2F
2-1: SINGLE (Flyball, 89M)
Batting: RHB Ramón Yniguez Pickoff Throw to First - Error! E1
Cody Jaeckel to second
0-0: Called Strike
0-1: Ball
1-1: Ground out U3 (Groundball, 34)
Cody Jaeckel to third
Batting: RHB Luis Delvalle 0-0: Foul Ball, location: 2F
0-1: Ball
1-1: Fly out, F7 (Flyball, 7LM)
Bottom of the 4th over - 0 runs, 1 hit, 1 error, 1 left on base; Delaware 0 - Walla Walla 0
TOP OF THE 5TH
Delaware 1787 BC batting - Pitching for Walla Walla Walleye : LHP Ids Knegt
Batting: RHB Félix Ellard 0-0: Ground out 5-3 (Groundball, 5)
Batting: LHB Ramón Garmendia 0-0: Ball
1-0: Ball
2-0: Ball
3-0: Base on Balls
Batting: RHB Jesús Guzmán 0-0: Ball
Ramón Garmendia steals 2nd base
1-0: Ball
2-0: Foul Ball, location: 2F
2-1: Ball
3-1: Foul Ball, location: 2F
3-2: Base on Balls
Batting: RHB Mikko Haataja 0-0: Fly out, F4 (Popup, 23)
Batting: LHB Kelvin Abbott 0-0: Ball
1-0: DOUBLE (Line Drive, 9LM)
Ramón Garmendia scores
Jesús Guzmán to third
Runner from 3rd tries for Home, SAFE, no throw
Batting: RHB Jeff Quesenberry 0-0: Ball
1-0: Ball
2-0: Ball
3-0: Called Strike
3-1: Base on Balls
Batting: SHB Curt Pack 0-0: Foul Ball, location: 2F
0-1: Ball
1-1: Ball
2-1: Foul Ball, location: 2F
2-2: Foul Ball, location: 2F
2-2: Ground out U3 (Groundball, 34)
Top of the 5th over - 2 runs, 1 hit, 0 errors, 2 left on base; Delaware 2 - Walla Walla 0
BOTTOM OF THE 5TH
Walla Walla Walleye batting - Pitching for Delaware 1787 BC : LHP Will Hoffman
Batting: RHB Tabor Muzquiz 0-0: Foul Ball, location: 2F
0-1: Swinging Strike
0-2: Foul Ball, location: 2F
0-2: Foul Ball, location: 2F
0-2: Ball
1-2: Foul Ball, location: 2F
1-2: Strikes out swinging
Batting: RHB José de la Cavallería 0-0: Ball
1-0: Ball
2-0: Ground out 4-3 (Groundball, 4)
Batting: LHB Johan Kroening 0-0: Ground out 4-3 (Groundball, 4)
Bottom of the 5th over - 0 runs, 0 hits, 0 errors, 0 left on base; Delaware 2 - Walla Walla 0
TOP OF THE 6TH
Delaware 1787 BC batting - Pitching for Walla Walla Walleye : LHP Ids Knegt
Batting: RHB Tomás Cameros 0-0: Ground out 5-3 (Groundball, 56)
Batting: LHB Bryce Abood 0-0: Foul Ball, location: 2F
0-1: Ball
1-1: Swinging Strike
1-2: Ball
2-2: Strikes out swinging
Batting: RHB Félix Ellard 0-0: Foul Ball, location: 2F
0-1: Called Strike
0-2: Ball
1-2: Strikes out swinging
Top of the 6th over - 0 runs, 0 hits, 0 errors, 0 left on base; Delaware 2 - Walla Walla 0
BOTTOM OF THE 6TH
Walla Walla Walleye batting - Pitching for Delaware 1787 BC : LHP Will Hoffman
Batting: RHB Corey Hines 0-0: Called Strike
0-1: Ball
1-1: Foul Ball, location: 2F
1-2: Strikes out swinging, 2-3 out at first.
Batting: LHB Mo Eayrs 0-0: Foul Ball, location: 2F
0-1: Swinging Strike
0-2: Ball
1-2: Strikes out looking
Batting: RHB Olubowale Akintimehin 0-0: Called Strike
0-1: Swinging Strike
0-2: Strikes out looking
Bottom of the 6th over - 0 runs, 0 hits, 0 errors, 0 left on base; Delaware 2 - Walla Walla 0
TOP OF THE 7TH
Delaware 1787 BC batting - Pitching for Walla Walla Walleye : LHP Ids Knegt
Pitching: LHP Mark McVicar
Batting: LHB Ramón Garmendia 0-0: Ball
1-0: Swinging Strike
1-1: Ball
2-1: Ball
3-1: Base on Balls
Batting: RHB Jesús Guzmán 0-0: Ball
1-0: Sac Bunt - play at first, batter OUT! 2-4
Ramón Garmendia to second
Batting: RHB Mikko Haataja 0-0: Swinging Strike
0-1: Foul Ball, location: 2F
0-2: Ball
1-2: Ground out 6-3 (Groundball, 6)
Batting: LHB Kelvin Abbott 0-0: Called Strike
0-1: Ball
1-1: Swinging Strike
1-2: Ball
2-2: Strikes out swinging
Top of the 7th over - 0 runs, 0 hits, 0 errors, 1 left on base; Delaware 2 - Walla Walla 0
BOTTOM OF THE 7TH
Walla Walla Walleye batting - Pitching for Delaware 1787 BC : LHP Will Hoffman
Batting: RHB Cody Jaeckel 0-0: Ball
1-0: Called Strike
1-1: Called Strike
1-2: Foul Ball, location: 2F
1-2: Fly out, F9 (Flyball, 89S)
Batting: RHB Ramón Yniguez 0-0: Ball
1-0: Ball
2-0: Called Strike
2-1: Called Strike
2-2: Strikes out swinging
Batting: RHB Luis Delvalle 0-0: Ground out 3-1 (Groundball, 34)
Bottom of the 7th over - 0 runs, 0 hits, 0 errors, 0 left on base; Delaware 2 - Walla Walla 0
TOP OF THE 8TH
Delaware 1787 BC batting - Pitching for Walla Walla Walleye : LHP Mark McVicar
Batting: RHB Jeff Quesenberry 0-0: DOUBLE (Flyball, 8LD)
Batting: SHB Curt Pack 0-0: Intentional Walk
Batting: RHB Tomás Cameros 0-0: Ball
1-0: Called Strike
1-1: Called Strike
Jeff Quesenberry steals 3rd base
Curt Pack to second
1-2: SINGLE (Groundball, 4MD)
Jeff Quesenberry scores
Curt Pack to third
Batting: LHB Bryce Abood 0-0: Fly out, F9 (Flyball, 89D)
Runner from 3rd tags up, SCORES, throw made
Batting: RHB Félix Ellard 0-0: Ball
1-0: Called Strike
1-1: Ball
2-1: Foul Ball, location: 2F
2-2: Strikes out looking
Batting: LHB Ramón Garmendia 0-0: Ball
1-0: Swinging Strike
1-1: Foul Ball, location: 2F
1-2: Ball
2-2: Foul Ball, location: 2F
2-2: Foul Ball, location: 2F
2-2: Strikes out swinging
Top of the 8th over - 2 runs, 2 hits, 0 errors, 1 left on base; Delaware 4 - Walla Walla 0
BOTTOM OF THE 8TH
Walla Walla Walleye batting - Pitching for Delaware 1787 BC : LHP Will Hoffman
Batting: RHB Tabor Muzquiz 0-0: Ball
1-0: Foul Ball, location: 2F
1-1: Foul Ball, location: 2F
1-2: Hit by Pitch
Batting: RHB José de la Cavallería 0-0: Called Strike
0-1: Foul Ball, location: 2F
0-2: Ball
1-2: Strikes out swinging
Batting: LHB Johan Kroening 0-0: Ground out 5-3 (Groundball, 25)
Tabor Muzquiz to second
Batting: RHB Corey Hines 0-0: Called Strike
0-1: Ground out 4-3 (Groundball, 4)
Bottom of the 8th over - 0 runs, 0 hits, 0 errors, 1 left on base; Delaware 4 - Walla Walla 0
TOP OF THE 9TH
Delaware 1787 BC batting - Pitching for Walla Walla Walleye : LHP Mark McVicar
Batting: RHB Jesús Guzmán 0-0: Ground out 3-1 (Groundball, 34)
Batting: RHB Mikko Haataja 0-0: Swinging Strike
0-1: Foul Ball, location: 2F
0-2: Ball
1-2: Ball
2-2: Ball
3-2: Foul Ball, location: 2F
3-2: Fly out, F8 (Flyball, 8LS)
Batting: LHB Kelvin Abbott 0-0: SINGLE (Line Drive, 9LS)
Batting: RHB Jeff Quesenberry 0-0: Foul Ball, location: 2F
0-1: Ball
Kelvin Abbott steals 2nd base
1-1: Ball
2-1: Foul Ball, location: 2F
2-2: Ball
3-2: SINGLE (Groundball, 6S) (infield hit)
Kelvin Abbott to third
Pitching: RHP Martyn Drdio
Batting: SHB Curt Pack 0-0: Ball
1-0: Foul Ball, location: 2F
1-1: Ball
2-1: Swinging Strike
2-2: Foul Ball, location: 2F
2-2: Ball
3-2: Base on Balls
Jeff Quesenberry to second
Batting: RHB Tomás Cameros 0-0: Ball
1-0: Ball
2-0: Foul Ball, location: 2F
2-1: Ball
3-1: Foul Ball, location: 2F
3-2: Foul Ball, location: 2F
3-2: SINGLE (Line Drive, 4M)
Kelvin Abbott scores
Jeff Quesenberry to third
Curt Pack to second
Jeff Quesenberry scores
Curt Pack to third
Batting: LHB Bryce Abood 0-0: Called Strike
0-1: Swinging Strike
0-2: Ball
1-2: Strikes out looking
Top of the 9th over - 2 runs, 3 hits, 0 errors, 2 left on base; Delaware 6 - Walla Walla 0
BOTTOM OF THE 9TH
Walla Walla Walleye batting - Pitching for Delaware 1787 BC : LHP Will Hoffman
Now in CF: Tobias Jimenez
Batting: LHB Mo Eayrs 0-0: Ball
1-0: Ball
2-0: Ground out 2-3 (Groundball, 2R)
Batting: RHB Olubowale Akintimehin 0-0: Ball
1-0: Ball
2-0: Ball
3-0: Base on Balls
Batting: RHB Cody Jaeckel 0-0: Fielders Choice at 2nd, 5-4 (Groundball, 5)
Batting: RHB Ramón Yniguez 0-0: Fly out, F9 (Flyball, 9)
Bottom of the 9th over - 0 runs, 0 hits, 0 errors, 1 left on base; Delaware 6 - Walla Walla 0
Tuesday, December 19th, 2017 - OOTP Baseball 18.8 Build 76